 Dungeon Crawl Stone Soup version 0.27-a0-1612-gde56a17b89 (webtiles) character file.

Game seed: 17158278999965255517

114 Sin92 the Skirmisher (level 4, 0/52 HPs)
             Began as a Demonspawn Fighter on July 21, 2021.
             Killed by divine providence
             ... invoked by an orc priest
              (9 damage)
             ... on level 3 of the Dungeon.
             The game lasted 00:02:16 (2074 turns).

Sin92 the Skirmisher (Demonspawn Fighter)           Turns: 2074, Time: 00:02:17

Health: 0/52       AC: 22    Str: 17    XL:     4   Next: 66%
Magic:  4/4        EV:  2    Int:  9    God:
Gold:   180        SH:  9    Dex: 13    Spells: 3/3 levels left

rFire    . . .     SeeInvis .   a - +0 war axe
rCold    . . .     Faith    .   c - +0 kite shield
rNeg     + + +     Spirit   .   (armour currently unavailable)
rPois    +         Reflect  .   (helmet currently unavailable)
rElec    .         Harm     .   (cloak currently unavailable)
rCorr    .         Rampage  .   (gloves currently unavailable)
Will     .....     NoTele   +   (boots currently unavailable)
Stlth    +.........             (no amulet)
HPRegen  0.17/turn              (no ring)
MPRegen  0.09/turn              (no ring)

@: tree-form
A: stationary, stasis, torment immunity, boosted hp, (horns 2), (spiny 1)
a: no special abilities


You were on level 3 of the Dungeon.
You were a tree.
You visited 1 branch of the dungeon, and saw 3 of its levels.

You collected 180 gold pieces.

Inventory:

Hand Weapons
 a - a +0 war axe (weapon)
 k - a +0 whip
Armour
 b - a +0 scale mail
 c - a +0 kite shield (worn)
 i - a +0 plate armour (melded)
 l - a +1 cloak (melded)
Scrolls
 e - a scroll of blinking
Potions
 d - a potion of might
 h - a potion of mutation {unknown}


   Skills:
 + Level 3.4 Fighting
 * Level 3.0 Axes
 + Level 3.2 Armour
 + Level 1.3 Dodging
 + Level 3.1 Shields


You had 3 spell levels left.
You didn't know any spells.
Your spell library was empty.

Dungeon Overview and Level Annotations

Branches:
Dungeon (3/15)

Altars:
Zin

Shops:
D:3 !


Innate Abilities, Weirdness & Mutations

You are a tree.
Your roots penetrate the ground, keeping you stationary.
You cannot be teleported.
You are immune to unholy pain and torment.
Your maximum health is greatly increased.
Your equipment is partially melded.
((You have a pair of horns on your head.))
((You are partially covered in sharp spines.))


Message History

An orc is nearby!
You are too injured to fight recklessly!
You closely miss the orc.
The orc is heavily wounded.
An orc comes into view. It is wielding a +0 short sword.
The orc hits you but does no damage. The orc is struck by your spines.
The orc hits you but does no damage.
You slash the orc!
You kill the orc!
An orc priest comes into view. It is wielding a +0 mace.
Okay, then.
It was a potion of lignification.
You turn into a tree.
Your +1 cloak melds into your body.
Your +0 plate armour melds into your body.
Your roots penetrate the ground.
The orc priest shouts!
You hear a shout! x2
An orc comes into view. It is wielding a +0 club.
You hear a shout!
Okay, then.
You closely miss the orc. The orc barely misses you.
You hit the orc.
The orc is severely wounded.
The orc hits you but does no damage.
The orc priest hits you but does no damage.
The orc hits you but does no damage.
You hit the orc.
You kill the orc!
You hit the orc priest.
The orc priest calls down the wrath of Beogh upon you.
Beogh smites you!
* * * LOW HITPOINT WARNING * * *
Unknown command.
You hit the orc priest.
The orc priest is heavily wounded.
You closely miss the orc. The orc priest hits you with a +0 mace.
* * * LOW HITPOINT WARNING * * *
You block the orc's attack.
The orc priest invokes the aid of Beogh against you.
Beogh smites you!
You die...

. ##.## # #...# #. ..#.#
#..####...
.........#####
......o).....# #o♣..#
.## #....#.... .#
#.....#.#. #.#
#.####......... #.#
#.......##.#.#. #####.##
#.###...###....
≈≈≈≈≈≈≈## #..........
≈≈≈≈≈≈≈≈##.......####.#.
......≈≈≈#####.... #


You could see an orc priest and an orc.

Vanquished Creatures
  Robin (D:3)
  An adder (D:2)
  4 worms (D:2)
  2 orcs (D:3)
  5 bats
  An endoplasm (D:2)
  A giant cockroach (D:2)
  24 goblins
  11 hobgoblins
  3 jackals (D:3)
  3 quokkas
  2 ball pythons
  3 frilled lizards
  6 kobolds
  5 rats
72 creatures vanquished.

Notes
Turn   | Place    | Note
-------+----------+-------------------------------------------
     0 | D:1      | Sin92 the Demonspawn Fighter began the quest for the Orb.
     0 | D:1      | Reached XP level 1. HP: 18/18 MP: 1/1
   107 | D:1      | Found a faded altar of an unknown god.
   209 | D:1      | Gained mutation: You have a pair of small horns on your
                  | head. [demonic ancestry]
   209 | D:1      | Reached XP level 2. HP: 22/24 MP: 2/2
  1030 | D:2      | Gained mutation: You are partially covered in sharp spines.
                  | [demonic ancestry]
  1030 | D:2      | Reached XP level 3. HP: 29/29 MP: 3/3
  1227 | D:2      | Reached skill level 1 in Dodging
  1599 | D:2      | Gained mutation: You have a pair of horns on your head.
                  | [demonic ancestry]
  1599 | D:2      | Reached XP level 4. HP: 28/35 MP: 4/4
  1774 | D:3      | Found Backeon's Distillery.
  2011 | D:3      | Noticed Robin
  2024 | D:3      | Killed Robin
  2074 | D:3      | Killed from afar by an orc priest

Illustrated notes

Levels and vault maps discovered:
D:1:      grunt_arrival_crossed_arrows, layout_rooms,
          shapermc_ecumenical_altar_venn
D:2:      cheibrodos_greedy_goblins, layout_basic, basic_altar,
          grunt_ministairs_2
D:3:      kennysheep_goblin_castle, layout_loops_ring, serial_shops,
          nicolae_diamond_shop

Skill      XL: |  1  2  3  4 |
---------------+-------------+-----
Axes           | 2 3 |  3.0
Armour         | 3 |  3.2
Dodging        | 1 |  1.3
Shields        | 3 |  3.1
Fighting       | |  3.4

Action                   |  1- 3 |  4- 6 || total
-------------------------+-------+-------++-------
Melee: War axe           |    88 |    40 ||   128
       Headbutt          |    13 |     8 ||    21
  Use: Scroll            |       |     3 ||     3
       Potion            |       |     1 ||     1
Armor: Scale mail        |    12 |       ||    12
       Plate armour      |    36 |    34 ||    70
       Skin              |       |     3 ||     3
Dodge: Dodged            |    15 |     6 ||    21
Block: Kite shield       |    36 |    20 ||    56

Table legend: (Time is in decaauts)
 A = Elapsed time spent in this place.
 B = Non-inter-level travel time spent in this place.
 C = Inter-level travel time spent in this place.
 D = Time resting spent in this place.
 E = Time spent auto-exploring this place.
 F = Levels seen in this place.
 G = Mean time per level.
                   A        B        C        D        E       F      G
               +--------+--------+--------+--------+--------+-----+--------+
         Total |   2152 |   2096 |     56 |    383 |   1329 |   3 |  717.3 |
       Dungeon |   2152 |   2096 |     56 |    383 |   1329 |   3 |  717.3 |
               +--------+--------+--------+--------+--------+-----+--------+

Top non-repeatable levels by time:
     D:2: 1058 daAuts
     D:1: 757 daAuts
     D:3: 336 daAuts
